 Dungeon Crawl Stone Soup version 0.31-a0-868-g674d60d6f7 (webtiles) character file.

Game seed: 816461887730606673

148033 iguanaiguana the Slicer (level 18, -2/103 HPs)
             Began as a Kobold Air Elementalist on July 5, 2023.
             Was the Champion of Hepliaklqana.
             Killed by miscasting Plasma Beam (10 damage)
             ... on level 1 of the Swamp on Oct 12, 2023.
             The game lasted 01:41:51 (33602 turns).

iguanaiguana the Slicer (Kobold Air Elementalist)  Turns: 33602, Time: 01:41:51

Health: -2/103     AC: 13    Str:  5    XL:     18   Next: 10%
Magic:  13/32      EV: 17    Int: 30    God:    Hepliaklqana [******]
Gold:   1677       SH:  5    Dex: 16    Spells: 14/37 levels left

rFire   . . .        a - +8 Vampire's Tooth {megavamp}
rCold   . . .        A - +0 buckler
rNeg    . . .        N - +2 troll leather armour
rPois   +            m - +2 helmet
rElec   .            q - +2 cloak
rCorr   .            M - +0 pair of gloves
SInv    .            P - +0 pair of boots
Will    +....        T - amulet of magic regeneration
Stlth   +++++        X - +6 ring of intelligence
HPRegen 1.17/turn    B - ring of poison resistance
MPRegen 0.63/turn

%: no passive effects
@: very slightly contaminated
A: reduced essence, small, no large weapons, nightstalker 3
a: Renounce Religion, Recall Ancestor, Ancestor Identity, Transference, Idealise


You were on level 1 of the Swamp.
You worshipped Hepliaklqana.
Hepliaklqana was exalted by your worship.
You visited 5 branches of the dungeon, and saw 26 of its levels.
You also visited: Sewer.

You collected 2662 gold pieces.
You spent 985 gold pieces at shops.

Inventory:

Hand Weapons
 a - the +8 Vampire's Tooth (weapon) {megavamp}
   (You found it on level 13 of the Dungeon)
Missiles
 x - 4 curare-tipped darts
 O - 7 throwing nets
 Q - 6 boomerangs of dispersal
Armour
 m - a +2 helmet (worn)
 q - a +2 cloak (worn)
 A - a +0 buckler (worn)
 M - a +0 pair of gloves (worn)
 N - a +2 troll leather armour (worn)
 P - a +0 pair of boots (worn)
Magical Staves
 b - a staff of air
Jewellery
 g - the ring of Pewiul {Fly EV+5 Str+3}
   (You found it on level 5 of the Lair of Beasts)

   [ring of evasion]

   EV+5:      It affects your evasion (+5).
   Str+3:     It affects your strength (+3).
   Fly:       It grants you flight.
 t - a ring of resist corrosion
 B - a ring of poison resistance (right hand)
 D - a ring of protection from fire
 R - a ring of positive energy
 T - an amulet of magic regeneration (around neck)
 X - a +6 ring of intelligence (left hand)
 Y - a ring of protection from cold
Wands
 h - a wand of paralysis (27)
 k - a wand of quicksilver (6)
 C - a wand of polymorph (3)
 F - a wand of iceblast (17) {@v2}
Scrolls
 e - 2 scrolls of blinking {@r4}
 f - 2 scrolls of vulnerability
 i - 4 scrolls of poison
 u - 7 scrolls of teleportation {@r3}
 y - 2 scrolls of fog
 I - 4 scrolls of torment
 K - 5 scrolls of immolation
 L - 2 scrolls of revelation
 S - 2 scrolls of amnesia
 U - a scroll of summoning
Potions
 n - 13 potions of curing {@q1}
 o - 6 potions of haste {@q4}
 p - 3 potions of attraction
 r - 3 potions of mutation
 s - a potion of cancellation
 v - 6 potions of enlightenment
 w - 5 potions of heal wounds {@q2}
 z - 4 potions of might {@q3}
 E - a potion of invisibility
 G - 2 potions of magic
 H - 5 potions of brilliance
 W - 2 potions of ambrosia
 Z - a potion of berserk rage
Miscellaneous
 c - a phial of floods
 d - a sack of spiders
 j - a phantom mirror (inert)
 l - a lightning rod (4/4)
 J - a condenser vane


   Skills:
 + Level 13.5 Fighting
 - Level 14.0 Short Blades
 - Level 3.0 Armour
 * Level 8.6 Dodging
 - Level 10.0 Stealth
 - Level 4.0 Shields
 - Level 10.0 Spellcasting
 - Level 8.0 Conjurations
 - Level 14.0 Fire Magic
 - Level 14.0 Air Magic
 - Level 8.0 Invocations
 - Level 6.0 Evocations


You had 14 spell levels left.
You knew the following spells:

 Your Spells              Type           Power      Damage    Failure   Level
a - Plasma Beam           Fire/Air       39%        2x1d52    4%          6
b - Arcjolt               Conj/Air       34%        1d44      3%          5
c - Sticky Flame          Conj/Fire      69%        2d8       1%          4
d - Airstrike             Air            39%        2d(6-22)  1%          4
e - Shock                 Conj/Air       100%       1d9       1%          1
z - Swiftness             Air            78%        N/A       1%          3

Your spell library contained the following spells:

 Spells                   Type           Power      Damage    Failure   Level
 Kiss of Death            Conj/Necr      100%       2d13      1%          1
 Static Discharge         Conj/Air       100%       2-7/arc   1%          2
 Ignite Poison            Fire/Tmut/Pois 42%        N/A       4%          3
 Hailstorm                Conj/Ice       39%        3d9       5%          3
 Stone Arrow              Conj/Erth      78%        3d11      5%          3
 Summon Lightning Spire   Summ/Air       54%        N/A       5%          4
 Vhi's Electric Charge    Tloc/Air       100%       N/A       5%          4
 Freeze                   Ice            60%        1d7       10%         1
 Sandblast                Erth           30%        2d9       10%         1
 Lesser Beckoning         Tloc           30%        N/A       14%         2
 Confusing Touch          Hex            15%        N/A       28%         3
 Frozen Ramparts          Ice            30%        1d5       28%         3
 Gell's Gravitas          Tloc           15%        N/A       28%         3
 Ozocubu's Armour         Ice            15%        N/A       28%         3
 Teleport Other           Tloc           15%        N/A       28%         3
 Animate Armour           Summ/Erth      30%        N/A       67%         4
 Dispel Undead            Necr           15%        3d10      67%         4
 Manifold Assault         Tloc           15%        N/A       67%         4
 Summon Ice Beast         Ice/Summ       15%        N/A       67%         4
 Ignition                 Fire           39%        3d12      90%         8
 Dispersal                Tloc           7%         N/A       100%        6
 Summon Cactus Giant      Summ           7%         N/A       100%        6
 Ozocubu's Refrigeration  Ice            7%         4d9       100%        7
 Disjunction              Tloc           7%         N/A       100%        8


Dungeon Overview and Level Annotations

Branches:
Dungeon (15/15) Zot: 25352  Temple (0/1) D:7            Lair (5/5) D:8 Zot: 22336
  Swamp (1/4) Lair:3 Zot: 5986  Spider (3/4) Lair:3 Zot: 14015   Slime (0/5) Lair:5
    Orc (2/2) D:12 Zot: 10550     Elf (0/3) Orc:2        Vaults (0/5) D:13
 Depths (0/4) D:15          Sewer (visited)

Altars:
Dithmenos
Fedhas
Hepliaklqana
Okawaru
Qazlal
Ru
Sif Muna
Wu Jian
Xom
Yredelemnul
The Shining One

Shops:
D:8 ?   D:11 :**   Orc:2 =(*[

Annotations:
D:5 1 runed translucent door
D:10 3 runed translucent doors, coffeetime's ghost, journeyman MiHu


Innate Abilities, Weirdness & Mutations

Your life essence is reduced to manifest your ancestor. (-10% HP)
You are small and have problems with some larger weapons.
You are completely attuned to the shadows.


Message History

Unknown command.
The goliath frog attacks as it pursues you!
The goliath frog hits you from afar.
* * * LOW HITPOINT WARNING * * *
You are splashed with acid!
* * * LOW HITPOINT WARNING * * *
Sizwe completely misses the goliath frog.
Sizwe hits the alligator with a +0 broad axe of flaming!
Sizwe burns the alligator.
The alligator attacks as it pursues you!
Sizwe blocks the alligator's attack.
The alligator tail-slaps Sizwe.
Casting: Airstrike (safe; 1% risk of failure)
Confirm with . or Enter, or press ? or * to list all spells.
Casting: Plasma Beam (dangerous; 4% risk of failure)
Press: ? - help, Dir - look around, f - activate The bolt of lightning hits the alligator!!
The alligator is moderately wounded.
The bolt of lightning hits the goliath frog!!!
You kill the goliath frog!
The bolt of lightning hits the alligator!!!
The alligator is severely wounded.
The fiery plasma misses the alligator.
The fiery plasma hits the alligator!!
You kill the alligator!
You hear a chilling moan.
The alligator bites you!!
* * * LOW HITPOINT WARNING * * *
Sizwe hits the alligator with a +0 broad axe of flaming!
Sizwe burns the alligator.
The alligator bites Sizwe!
Sizwe blocks the alligator's attack.
The alligator completely misses Sizwe.
Sizwe hits the alligator with a +0 broad axe of flaming!
Sizwe burns the alligator.
Casting: Plasma Beam (dangerous; 4% risk of failure)
Confirm with . or Enter, or press ? or * to list all spells.
Casting: Plasma Beam (dangerous; 4% risk of failure)
Press: ? - help, Dir - look around, f - activate You miscast Plasma Beam.
You are very lightly contaminated with residual magic.
There is a sudden and violent explosion of flames!
You die...

♣~♣ ♣.~♣
♣♣♣♣♣~.♣
..~....♣
.[~.<♣.♣
..≈.@~~♣
...~..♣♣
~.§~.~~♣
~~..t.♣♣
~~.R†?♣
~~.~§.♣
...~~.~
♣~§~~~


You could see the friendly Sizwe the knight and an alligator (distracted, ally
target).

Vanquished Creatures
  Frances (D:14)
  An emperor scorpion (Spider:2)
  Louise (Spider:1)
  An orc warlord (Orc:2)
  A ghost moth (Spider:3)
  A broodmother (Spider:3)
  2 vampire knights (D:13)
  An ironbound preserver (D:13)
  The ghost of Lyguaf the Arsonist, a journeyman DrFE of Hepliaklqana (Lair:5)
  Snorg (Lair:4)
  An entropy weaver (Spider:3)
  6 hydras
  A jorogumo (Spider:3)
  A catoblepas (Lair:4)
  6 centaur warriors
  An alligator (Swamp:1)
  An ogre mage (D:15)
  5 boulder beetles
  An anaconda (Lair:2)
  4 two-headed ogres
  2 death yaks (Lair:2)
  A tengu warrior (D:14)
  Urug (Lair:4)
  6 demonic crawlers
  4 orc high priests (Orc:2)
  A deep elf knight (D:14)
  3 skeletal warriors (D:15)
  2 fire crabs (Lair:2)
  A sun moth (Spider:1)
  2 pharaoh ants
  A goliath frog (Swamp:1)
  9 orb spiders
  3 wizards
  3 steelbarb worms (Spider:1)
  An obsidian statue (D:12)
  A deep elf archer (D:9)
  A deep elf pyromancer (D:12)
  The ghost of GloriousHammer the Cleaver, a novice HOMo (D:5)
  A necromancer (D:15)
  4 orc knights
  7 wolf spiders
  4 orc sorcerers
  2 deep elf zephyrmancers
  An ugly thing (D:13)
  A will-o-the-wisp (Swamp:1)
  An oklob plant (Lair:2)
  3 cyclopes
  3 manticores
  A moth of wrath (Spider:3)
  A naga mage (D:15)
  A guardian serpent (Lair:5)
  6 black mambas
  6 elephants
  7 slime creatures
  2 gargoyles
  4 torpor snails
  2 kobold demonologists (D:13)
  17 cane toads
  2 unseen horrors (D:12)
  A centaur skeleton (D:15)
  6 komodo dragons
  2 tengu conjurers
  A queen bee (shapeshifter) (D:15)
  3 polar bears
  3 trolls
  A meliai (shapeshifter) (D:13)
  2 tyrant leeches (D:13)
  19 blink frogs
  3 hornets
  8 dream sheep (Lair:5)
  12 tarantellas
  16 jumping spiders
  2 centaur simulacra (D:15)
  2 water elementals (D:15)
  3 vampires
  29 yaks
  7 culicivoras
  3 shadows
  15 wyverns
  2 wraiths
  6 basilisks
  7 vampire mosquitoes
  A steam dragon (D:8)
  19 redbacks
  A redback simulacrum (D:15)
  5 wargs (Orc:2)
  An acid dragon (D:7)
  Edmund (D:6)
  20 water moccasins
  4 black bears
  An ice beast (D:8)
  35 orc warriors
  4 ogres
  3 boggarts (D:14)
  18 wolves
  2 centaurs
  A lemure (D:4)
  16 bullfrogs
  5 kobold brigands
  A gnoll sergeant (D:8)
  5 scorpions
  7 wights (D:8)
  3 killer bees (D:9)
  9 electric eels
  A howler monkey (D:10)
  A howler monkey (shapeshifter) (D:13)
  3 jellies
  A hound (D:5)
  A gnoll bouda (D:5)
  15 orc priests
  3 iguanas
  A boggart zombie (D:15)
  23 orc wizards
  A sickly merfolk siren (Sewer)
  2 sleepcaps
  2 hell rats
  2 wolf simulacra (Lair:5)
  9 adders
  2 gnolls
  3 river rats (Sewer)
  A white imp (D:6)
  An ufetubus (D:5)
  3 worms
  The ghost of Lance11888 the Sneak, a weakling OpDe (D:4)
  4 dart slugs
  72 orcs
  4 bats
  3 endoplasms
  3 giant cockroaches
  10 goblins
  8 hobgoblins
  3 jackals (D:1)
  2 quokkas
  15 ball pythons
  13 frilled lizards
  26 kobolds
  22 rats
733 creatures vanquished.

Vanquished Creatures (collateral kills)
  A ghost moth (Spider:2)
  A spark wasp (Spider:3)
  An ettin (Orc:2)
  Fannar (D:10)
  A rakshasa (D:13)
  A hydra (Lair:5)
  A catoblepas (D:15)
  A centaur warrior (D:14)
  2 jorogumos (Spider:2)
  A demonic crawler (Spider:2)
  A death yak (Lair:2)
  3 two-headed ogres
  2 skeletal warriors (D:15)
  A fire crab (Lair:2)
  2 steelbarb worms
  A deep elf pyromancer (D:12)
  Pikel (D:4)
  An ugly thing (D:13)
  6 elephants (Lair:5)
  Joseph (D:7)
  2 black mambas
  A wolf spider (Spider:2)
  9 cane toads
  A gargoyle (D:12)
  A komodo dragon (Lair:5)
  2 polar bears
  3 trolls
  6 tarantellas
  2 tyrant leeches (D:13)
  5 blink frogs
  A dream sheep (Lair:3)
  7 jumping spiders
  4 slime creatures
  6 culicivoras
  3 vampires
  4 wyverns
  2 wraiths
  13 yaks
  A shadow (D:10)
  4 basilisks
  A hog (shapeshifter) (D:13)
  9 redbacks
  2 vampire mosquitoes (D:12)
  2 swamp worms (Lair:3)
  6 water moccasins
  5 orc warriors
  A sky beast (D:7)
  2 ogres
  An ice beast (D:7)
  3 black bears
  4 centaurs
  6 wolves
  A phantom (D:6)
  A kobold brigand (D:7)
  5 bullfrogs
  A scorpion (D:6)
  2 wights (D:8)
  A killer bee (D:9)
  A howler monkey (D:9)
  3 orc priests
  A sleepcap (D:8)
  A hound (D:4)
  2 iguanas
  10 orc wizards
  A malarious merfolk avatar (Sewer)
  An ogre zombie (D:4)
  Robin (D:3)
  8 gnolls
  An orc zombie (D:4)
  A river rat (Sewer)
  An adder (D:4)
  A gnoll zombie (D:4)
  14 orcs
  2 ball pythons
  An endoplasm (D:4)
  2 giant cockroaches (D:3)
  3 hobgoblins
  3 quokkas
  A frilled lizard (Sewer)
  6 goblins
  10 kobolds
  7 rats (Sewer)
242 creatures vanquished.

Vanquished Creatures (others)
  17 knights
  An ancestor (Sewer)
  2 kobolds (D:13)
  2 foxfires (Swamp:1)
22 creatures vanquished.

Grand Total: 997 creatures vanquished

Notes
Turn   | Place    | Note
-------+----------+-------------------------------------------
     0 | D:1      | iguanaiguana the Kobold Air Elementalist began the quest
                  | for the Orb.
     0 | D:1      | Reached XP level 1. HP: 10/10 MP: 3/3
   277 | D:1      | Reached XP level 2. HP: 15/15 MP: 3/5
   881 | D:1      | Reached XP level 3. HP: 19/19 MP: 6/6
   884 | D:1      | Learned a level 2 spell: Static Discharge
   888 | D:1      | Learned a level 3 spell: Swiftness
  1243 | D:2      | Reached skill level 5 in Stealth
  1606 | D:1      | Reached XP level 4. HP: 24/24 MP: 1/7
  2176 | D:3      | Found a faded altar of an unknown god.
  2177 | D:3      | Found a sacrificial altar of Ru.
  2181 | D:3      | Prayed at the altar of an unknown god.
  2181 | D:3      | Became a worshipper of Hepliaklqana the Forgotten
  2181 | D:3      | Reached * piety under Hepliaklqana
  2299 | D:3      | Noticed Robin
  2327 | D:3      | Killed Robin
  2328 | D:3      | Reached XP level 5. HP: 25/25 MP: 2/8
  2474 | D:3      | Found a glowing drain.
  2480 | Sewer    | Entered a sewer
  2709 | Sewer    | Reached XP level 6. HP: 21/28 MP: 0/9
  2917 | Sewer    | Reached skill level 5 in Air Magic
  3173 | D:3      | Found an ornate altar of the Wu Jian Council.
  3237 | D:3      | Found a blossoming altar of Fedhas.
  4076 | D:4      | Found a transporter.
  4107 | D:4      | Reached ** piety under Hepliaklqana
  4108 | D:4      | Remembered your ancestor Sizwe as a knight
  4247 | D:4      | Reached XP level 7. HP: 32/32 MP: 4/10
  4363 | D:4      | Found a runed translucent gate.
  4364 | D:4      | Found a runed translucent gate.
  4365 | D:4      | Found a runed translucent gate.
  4570 | D:4      | Found a transporter.
  4675 | D:4      | Noticed Pikel
  4689 | D:4      | Killed Pikel
  4690 | D:4      | Reached XP level 8. HP: 22/36 MP: 0/11
  4695 | D:4      | Learned a level 4 spell: Airstrike
  4851 | D:4      | Noticed Lance11888's ghost (weakling OpDe)
  4857 | D:4      | Killed Lance11888's ghost
  5004 | D:5      | Entered Level 5 of the Dungeon
  5098 | D:5      | Found a runed translucent door.
  5704 | D:5      | Found a runed translucent door.
  5733 | D:5      | Reached skill level 10 in Air Magic
  5882 | D:5      | Reached XP level 9. HP: 40/40 MP: 12/12
  6083 | D:5      | Noticed GloriousHammer's ghost (novice HOMo)
  6094 | D:5      | Killed GloriousHammer's ghost
  6095 | D:5      | Reached skill level 5 in Spellcasting
  6254 | D:6      | Noticed Edmund
  6266 | D:6      | Killed Edmund
  6313 | D:6      | Reached skill level 1 in Fire Magic
  6435 | D:6      | Reached *** piety under Hepliaklqana
  6927 | D:6      | Reached skill level 5 in Fire Magic
  6974 | D:6      | Reached XP level 10. HP: 45/45 MP: 11/19
  7071 | D:6      | Found an iron altar of Okawaru.
  7266 | D:7      | Learned a level 6 spell: Plasma Beam
  7359 | D:7      | Noticed Joseph
  7410 | D:7      | Found a staircase to the Ecumenical Temple.
  7456 | D:7      | Reached skill level 1 in Evocations
  7464 | D:7      | Killed Joseph
  7755 | D:7      | Reached skill level 5 in Evocations
  7818 | D:7      | Reached **** piety under Hepliaklqana
  7960 | D:7      | Reached skill level 1 in Fighting
  8653 | D:8      | Noticed a two-headed ogre
  8658 | D:8      | Killed a two-headed ogre
  8659 | D:8      | Reached skill level 5 in Fighting
  8924 | D:8      | Noticed a komodo dragon
  8933 | D:8      | Killed a komodo dragon
  9058 | D:8      | Found a glowing golden altar of the Shining One.
  9061 | D:8      | Noticed an angel
  9373 | D:8      | Reached XP level 11. HP: 60/60 MP: 15/20
  9603 | D:8      | Found The Oracle's Delphic Readings.
  9607 | D:8      | Bought a scroll of noise for 15 gold pieces
  9607 | D:8      | Bought a scroll of revelation for 112 gold pieces
  9607 | D:8      | Bought a scroll of identify for 30 gold pieces
  9607 | D:8      | Bought a scroll of blinking for 112 gold pieces
  9744 | D:8      | Found a staircase to the Lair.
  9917 | D:8      | Reached skill level 5 in Dodging
 10322 | D:8      | Found a basalt altar of Yredelemnul.
 10325 | D:8      | Noticed a profane servitor
 10686 | D:9      | Reached ***** piety under Hepliaklqana
 11115 | D:9      | Noticed a cyclops
 11130 | D:9      | Killed a cyclops
 11191 | D:9      | Noticed a deep elf archer
 11206 | D:9      | Killed a deep elf archer
 11550 | D:10     | Entered Level 10 of the Dungeon
 11913 | D:10     | Noticed a two-headed ogre
 11923 | D:10     | Found a shimmering altar of Xom.
 11932 | D:10     | Killed a two-headed ogre
 11933 | D:10     | Reached skill level 10 in Stealth
 12060 | D:10     | Found a runed translucent gate.
 12061 | D:10     | Found a runed translucent gate.
 12061 | D:10     | Found a runed translucent gate.
 12089 | D:10     | Reached XP level 12. HP: 61/65 MP: 16/21
 12391 | D:10     | Noticed Fannar
 12401 | D:10     | Killed Fannar
 12833 | D:10     | Found a shadowy altar of Dithmenos.
 12833 | D:10     | Found a shimmering blue altar of Sif Muna.
 13029 | D:10     | Noticed coffeetime's ghost (journeyman MiHu)
 13394 | D:11     | Found Rapuip Ding's General Store.
 13395 | D:11     | Found Qyadual's Specific Store.
 13491 | D:11     | Found Coucysi's Book Shoppe.
 13819 | D:11     | Identified the +3 sling "Rejuppokk" {freeze, Fly}
 14468 | Lair:1   | Entered Level 1 of the Lair of Beasts
 14997 | Lair:1   | Reached skill level 10 in Fire Magic
 15997 | Lair:1   | Reached XP level 13. HP: 49/70 MP: 8/22
 16344 | Lair:2   | Learned a level 5 spell: Arcjolt
 16423 | Lair:2   | Reached skill level 5 in Conjurations
 16480 | Lair:2   | Reached ****** piety under Hepliaklqana
 16710 | Lair:2   | Noticed a six-headed hydra
 16714 | Lair:2   | Killed a six-headed hydra
 16808 | Lair:2   | You are sucked into a shaft and drop 1 floor!
 16925 | Lair:3   | Noticed an eight-headed hydra
 16932 | Lair:3   | Killed an eight-headed hydra
 17340 | Lair:3   | Found a staircase to the Swamp.
 17937 | Lair:3   | Found a hole to the Spider Nest.
 18547 | Lair:2   | Reached skill level 1 in Armour
 18582 | Lair:2   | Noticed an anaconda
 18589 | Lair:2   | Killed an anaconda
 19043 | Lair:2   | Reached XP level 14. HP: 75/75 MP: 5/24
 19346 | Lair:4   | Noticed Urug
 19352 | Lair:4   | Killed Urug
 19502 | Lair:4   | Learned a level 4 spell: Sticky Flame
 19922 | Lair:4   | Reached skill level 10 in Spellcasting
 20334 | Lair:4   | Noticed Snorg
 20341 | Lair:4   | Killed Snorg
 20529 | Lair:5   | Entered Level 5 of the Lair of Beasts
 21019 | Lair:5   | Found a staircase to the Slime Pits.
 21041 | Lair:4   | Reached XP level 15. HP: 49/79 MP: 3/29
 21557 | Lair:5   | Found a runed translucent gate.
 21558 | Lair:5   | Found a runed translucent gate.
 21559 | Lair:5   | Found a runed translucent gate.
 21591 | Lair:5   | Reached skill level 10 in Fighting
 21821 | Lair:5   | Noticed Lyguaf's ghost (journeyman DrFE)
 22257 | Lair:5   | Killed Lyguaf's ghost
 22322 | Lair:5   | Identified the ring of Pewiul {Fly EV+5 Str+3}
 22573 | D:12     | Reached skill level 1 in Invocations
 22687 | D:12     | Got the Elucidation of Plaster Cramp
 22697 | D:12     | Got the Papyrus of Axaxaxas mlö
 22719 | D:12     | Got Sif Muna's Secrets of Dhcmrlchtdj
 22835 | D:12     | Reached skill level 5 in Invocations
 23589 | D:12     | Found a staircase to the Orcish Mines.
 23796 | D:12     | Identified the +8 quarterstaff of Dim Light {drain, rElec
                  | Int+3 Dex-4 SInv}
 23888 | Orc:1    | Entered Level 1 of the Orcish Mines
 24007 | Orc:2    | Entered Level 2 of the Orcish Mines
 24461 | Orc:2    | Noticed an orc warlord
 24463 | Orc:2    | Reached XP level 16. HP: 85/90 MP: 24/30
 24945 | Orc:2    | Found a staircase to the Elven Halls.
 25202 | Orc:2    | Found Kaoraf's Antique Armour Shop.
 25202 | Orc:2    | Found Nihu's General Store.
 25203 | Orc:2    | Found Abufylan's Jewellery Boutique.
 25207 | Orc:2    | Bought a scroll of brand weapon for 104 gold pieces
 25214 | Orc:2    | Found Fonoid's Antique Weapon Shop.
 25235 | Orc:2    | Bought a +6 ring of intelligence for 612 gold pieces
 25676 | D:13     | Found the +8 Vampire's Tooth {megavamp}
 26108 | D:13     | Reached skill level 1 in Short Blades
 26174 | D:13     | Found a gate to the Vaults.
 26224 | D:13     | Identified the +1 ring mail of Fortification {Slay+2}
 26482 | D:14     | Reached skill level 5 in Short Blades
 26594 | D:14     | Found an iron altar of Okawaru.
 26731 | D:14     | Noticed Frances
 26733 | D:14     | Killed Frances
 26880 | D:14     | Identified the +4 scale mail of Utuishre {Dex+2}
 27030 | D:14     | Identified the +3 long sword "Dutaoly" {flame, rCorr}
 27065 | D:14     | Identified the +3 short sword "Uvawkamo" {heavy, rPois
                  | Str+5}
 27366 | D:14     | Identified the +0 robe "Heabog" {rElec Int-2 Dex+4}
 27769 | D:15     | Entered Level 15 of the Dungeon
 27951 | D:15     | Found a stormy altar of Qazlal.
 28199 | D:15     | Identified the +1 robe of Xeclemud {Int+2}
 28267 | D:15     | Reached skill level 10 in Short Blades
 28491 | D:15     | Found a staircase to the Depths.
 28731 | D:15     | Reached XP level 17. HP: 96/97 MP: 19/31
 29481 | Spider:1 | Entered Level 1 of the Spider Nest
 30662 | Spider:1 | Noticed Louise
 30666 | Spider:1 | Killed Louise
 30667 | Spider:1 | Reached skill level 1 in Shields
 30788 | Spider:1 | Upgraded the game from 0.31-a0-222-gefeffbb62a to
                  | 0.31-a0-868-g674d60d6f7
 32849 | Spider:3 | Reached XP level 18. HP: 89/102 MP: 14/32
 33588 | Swamp:1  | Entered Level 1 of the Swamp
 33602 | Swamp:1  | Killed by miscasting Plasma Beam

Illustrated notes

Levels and vault maps discovered:
D:1:      lightli_arrival_statue_moat, layout_basic, serial_glass,
          glass_columns_b, glass_columns_c, due_unseen_surprise,
          nrook_mini_vaults
D:2:      layout_rooms, minmay_increasing_density
D:3:      layout_basic, old_standard_altar, nzn_wu_jian_contemplation,
          nicolae_overflow_ecumenical_swirl, cheibrodos_sewer_entry_drain,
          uniq_robin
D:4:      gammafunk_cloud_chamber, layout_gridville, ebering_ghost_rock_garden,
          minmay_surrounded, uniq_pikel
D:5:      corexii_shack_village, layout_basic, ebering_ghost_sewer_f,
          interstate_on_off
D:6:      layout_basic, hellmonk_okawaru_the_only_friend_you_need, uniq_edmund
D:7:      cheibrodos_iron_armory, layout_cave_pods, minmay_temple_entry_ruins,
          uniq_joseph
D:8:      layout_basic, grunt_temple_overflow_holy_war,
          due_lair_maze_entry_diamond, nicolae_nh_oracle_at_delphi
D:9:      layout_roguey, minmay_three_doors
D:10:     layout_basic, xom_confusion_cloud, gammafunk_temple_overflow_pools,
          gammafunk_ghost_ooze, dk_rats_in_the_wall, uniq_fannar
D:11:     layout_stronghold, serial_shops, nicolae_shop_getting_attention,
          nicolae_specific_store
D:12:     layout_gridville, david_orc_4, minivault_15,
          bh_hangedman_babel_library
D:13:     layout_basic, skrybe_vaults_entry_preservation,
          minmay_guarded_unrand_vampires_tooth
D:14:     evilmike_iron_armoury, layout_irregular_city, grunt_decor_fettered,
          uniq_frances
D:15:     grunt_enter_depths_magical_seal, layout_grid_maze,
          nicolae_qazlal_general_emergency, chequers_big_river
Lair:1:   layout_chaotic_city, beast_lair_carwin_1, grunt_megastairs_2
Lair:2:   layout_long_grid, minmay_lair_oklob_items, nicolae_lair_lakeside_cave,
          serial_bayou_shore_a
Lair:3:   wad_woods_structure_01, layout_misc_corridors,
          minmay_swamp_entry_worms, spider_nest_entry_a,
          nicolae_volcano_entry_s_turn
Lair:4:   layout_regular_city, lemuel_fruit_tree, uniq_snorg, uniq_urug
Lair:5:   hangedman_lair_tendril_chambers, layout_loops_ring,
          minmay_slime_entry_pillars, portal_ice_cave_entry_ice_simulacra,
          gammafunk_ghost_split
Swamp:1:  layout_falls_marsh, evilmike_swamp_ruin_house_6
Spider:1: layout_cave_pods, hellmonk_narrow_tunnel, uniq_louise
Spider:2: layout_spider_delve
Spider:3: layout_spider_delve, nicolae_orb_stairs
Orc:1:    layout_caves, uniq_nergalle, uniq_josephine
Orc:2:    st_orc_congregation, layout_caves, statue_in_the_mist_lemuel,
          nooodl_orcs_dogs

Skill      XL: |  1  2  3  4  5  6  7  8  9 10 11 12 13 14 15 16 17 18 |
---------------+-------------------------------------------------------+-----
Stealth        | 3 4 5 10 | 10.0
Conjurations   | 2 3 8 |  8.0
Air Magic      | 4 5 8 10 12 13 14 | 14.0
Spellcasting   | 6 7 10 | 10.0
Fire Magic     | 5 6 10 12 13 14 | 14.0
Evocations     | 6 |  6.0
Fighting       | 7 8 11 13 | 13.5
Dodging        | 8 |  8.6
Armour         | 3 |  3.0
Invocations    | 8 |  8.0
Short Blades   | 11 14 | 14.0
Shields        | 4 |  4.0

Action                     |  1- 3 |  4- 6 |  7- 9 | 10-12 | 13-15 | 16-18 || total
---------------------------+-------+-------+-------+-------+-------+-------++-------
  Melee: Short sword       |    48 |    25 |       |       |       |       ||    73
         Trident           |       |   106 |   120 |   163 |   195 |       ||   584
         Demon trident     |       |       |       |       |   168 |    23 ||   191
         Quick blade       |       |       |       |       |       |   606 ||   606
         Staff             |       |       |       |       |       |    12 ||    12
         Punch             |       |       |       |       |       |     3 ||     3
   Cast: Shock             |    49 |    56 |    84 |   270 |       |       ||   459
         Swiftness         |     1 |       |       |     7 |     3 |     2 ||    13
         Static Discharge  |       |     4 |     2 |    13 |       |       ||    19
         Airstrike         |       |       |     4 |    83 |    41 |    17 ||   145
         Arcjolt           |       |       |       |       |   150 |    52 ||   202
         Plasma Beam       |       |       |       |       |    71 |   204 ||   275
         Sticky Flame      |       |       |       |       |    12 |     6 ||    18
 Invoke: Recall Ancestor   |       |     1 |       |     5 |     8 |    10 ||    24
         Ancestor Life: Kn |       |     1 |       |       |       |       ||     1
  Evoke: Wand              |       |       |     3 |    14 |    19 |     4 ||    40
         Lightning rod     |       |       |       |       |     4 |       ||     4
         Phantom mirror    |       |       |       |       |       |     1 ||     1
    Use: Scroll            |       |     8 |       |    11 |    11 |     9 ||    39
         Potion            |       |       |     1 |     3 |       |     2 ||     6
   Stab: Sleeping          |    14 |    37 |    19 |     2 |    13 |     2 ||    87
         Distracted        |       |     1 |     1 |       |     4 |     3 ||     9
         Paralysed         |       |       |       |     7 |       |       ||     7
 Armour: Robe              |     4 |    31 |    15 |    33 |       |       ||    83
         Troll leather arm |       |       |       |    40 |   158 |   260 ||   458
  Dodge: Dodged            |    62 |   118 |    74 |   183 |   411 |   410 ||  1258
  Block: Buckler           |       |       |       |       |       |    62 ||    62

Table legend: (Time is in decaauts)
 A = Elapsed time spent in this place.
 B = Non-inter-level travel time spent in this place.
 C = Inter-level travel time spent in this place.
 D = Time resting spent in this place.
 E = Time spent auto-exploring this place.
 F = Levels seen in this place.
 G = Mean time per level.
                   A        B        C        D        E       F      G
               +--------+--------+--------+--------+--------+-----+--------+
         Total |  33808 |  31821 |   1987 |   2281 |  23252 |  27 | 1252.1 |
       Dungeon |  20044 |  19014 |   1030 |   1003 |  14750 |  15 | 1336.3 |
          Lair |   7663 |   7141 |    522 |    369 |   4847 |   5 | 1532.6 |
         Swamp |     13 |     13 |      0 |      0 |      4 |   1 |   13.0 |
   Spider Nest |   3984 |   3592 |    392 |    618 |   2322 |   3 | 1328.0 |
  Orcish Mines |   1449 |   1408 |     41 |    236 |    922 |   2 |  724.5 |
         Sewer |    653 |    653 |      0 |     55 |    407 |   1 |  653.0 |
               +--------+--------+--------+--------+--------+-----+--------+

Top non-repeatable levels by time:
     D:8: 2496 daAuts
  Lair:3: 1737 daAuts
Spider:2: 1719 daAuts
  Lair:2: 1571 daAuts
    D:10: 1564 daAuts
  Lair:4: 1517 daAuts
  Lair:5: 1497 daAuts
    D:15: 1478 daAuts
    D:12: 1418 daAuts
Spider:1: 1416 daAuts
    D:11: 1382 daAuts
    D:14: 1352 daAuts
  Lair:1: 1339 daAuts
     D:9: 1315 daAuts
     D:1: 1278 daAuts
